 Dungeon Sprint DCSS version 0.18-a0-1788-g92de1ac (webtiles) character file.

11500000 wvc the Axe Maniac (level 27, -60/317 (323) HPs)
             Began as a Demonspawn Gladiator on Apr 19, 2016.
             Was the Champion of Makhleb.
             Killed from afar by a wretched soul (142 damage)
             ... with a bolt of negative energy
             ... in the Dungeon (Sprint VIII: "Arena of Blood").
             The game lasted 00:08:49 (115 turns).

wvc the Axe Maniac (Demonspawn Gladiator)            Turns: 115, Time: 00:08:50

HP:   -60/317 (323) AC: 10    Str: 18    XL:     27
MP:   43/54         EV: 37    Int: 10    God:    Makhleb [******]
Gold: 0             SH:  0    Dex: 24    Spells: 0 memorised, 80 levels left

rFire  + . .     SeeInvis .     l - +∞ Axe of Woe
rCold  . . .     Gourm    .     b - +0 leather armour
rNeg   . . .     Faith    .     (shield currently unavailable)
rPois  +         Spirit   .     (helmet unavailable)
rElec  .         Dismiss  .     (no cloak)
rCorr  .         Reflect  .     (no gloves)
SustAt .         Harm     .     (no boots)
MR     ++...     NoTele   +     (no amulet)
Stlth  +++++++++.               (no ring)
                                (no ring)

@: non-regenerating, badly diseased, slowed, drained, very slow, very resistant
to hostile enchantments, incredibly stealthy
A: horns 3, slimy green scales 3, fire resistance 1, ignite blood, robust 3,
spiny 3, flame cloud immunity
a: Minor Destruction, Lesser Servant of Makhleb, Major Destruction, Greater
Servant of Makhleb, Renounce Religion


You were in the Dungeon.
You worshipped Makhleb.
Makhleb was exalted by your worship.
You were not hungry.

You visited 1 branch

Inventory:

Hand Weapons
 a - a +0 war axe
 l - the +∞ Axe of Woe (weapon)
   (You found it in the Dungeon)
Missiles
 d - 3 throwing nets (quivered)
Armour
 b - a +0 leather armour (worn)
 c - a +0 helmet
Scrolls
 k - a scroll of blinking
Potions
 e - a potion of curing
 g - a potion of heal wounds
 h - a potion of haste
 i - 2 potions of magic
 j - a potion of berserk rage
Comestibles
 f - a bread ration


   Skills:
 O Level 27(25.5) Fighting
 O Level 27(25.5) Axes
 O Level 27(25.5) Throwing
 O Level 27(25.5) Armour
 O Level 27(25.5) Dodging
 O Level 27(25.5) Stealth
 O Level 27(25.5) Unarmed Combat
 O Level 27(25.5) Spellcasting
 O Level 27(25.5) Invocations


You had 80 spell levels left.
You didn't know any spells.

Dungeon Overview and Level Annotations

Branches:
Dungeon (1/1)

Altars:
Makhleb


Innate Abilities, Weirdness & Mutations

You have a pair of large horns on your head.
You are completely covered in slimy green scales (AC +4, rPois).
Your flesh is heat resistant.
Your demonic aura causes spilled blood to erupt in flames.
You are extremely robust (+30% HP).
You are completely covered in sharp spines.
You are immune to clouds of flame.


Message History

The meat berserker convulses! x4
You hear an angry hiss.
An ogre and a vampire knight come into view.
You slash something!
You cleave something in twain.
Makhleb accepts your kill.
You feel better.
Reactivating autopickup.
You feel a bit more experienced.
You hear a shout!
The meat berserker is engulfed in roaring flames.
You hear a shout! x2
The scourge is engulfed in poison gas.
The scourge is poisoned.
You hear a shout!
The meat berserker moves out of view.
You hear a shout!
The bag of meat moves out of view.
A bolt of negative energy appears from out of thin air!
Deactivating autopickup; reactivate with Ctrl-A.
The bolt of negative energy hits you!
You feel drained.
You die...

..... .. #... .#
. #.%. .%#
..###O%. ..###.
.....D###..%...
....._.M.V..
#§§§..# #@§M._#
#O§§§%#
#....§§W§_%.....
..%..§OO###%.....
...###SVo .%###.
.. #.S. ..# #....
.# .%C.. ..
.%....


You could see 2 accurseds, an eight-headed meat hydra, 2 destroyers, 2 scourges,
a large bag of meat (inner flame), a dread, 4 meat berserkers and a bag of meat.

Vanquished Creatures
  8 hell beasts (D)
  7 greater mummies (D)
  5 great orbs of eyes (D)
  A wraith (D)
  Harold (D)
  14 vampire knights (D)
  30 ogres (D)
  2 liches (D)
  73 orcs (D)
  5 phantoms (D)
  10 hill giants (D)
  6 skeletal warriors (D)
  5 large abominations (D)
  10 small abominations (D)
  5 crawling corpses (D)
182 creatures vanquished.

Vanquished Creatures (others)
  3 crawling corpses (D)
3 creatures vanquished.

Grand Total: 185 creatures vanquished

Notes
Turn   | Place    | Note
--------------------------------------------------------------
     0 | D        | wvc the Demonspawn Gladiator began the quest for the Orb.
     0 | D        | Reached XP level 1. HP: 16/16 MP: 1/1
     3 | D        | Noticed a bag of meat
     3 | D        | Noticed a bag of meat
     4 | D        | Became a worshipper of Makhleb the Destroyer
     5 | D        | Noticed a meat berserker
     6 | D        | Noticed a bag of meat
     7 | D        | Killed a meat berserker
     7 | D        | Reached skill level 10 in Throwing
     7 | D        | Gained mutation: You have a pair of small horns on your head. [demonic ancestry]
     7 | D        | Reached XP level 2. HP: 38/38 MP: 2/2
     7 | D        | Gained mutation: You have a pair of horns on your head. [demonic ancestry]
     7 | D        | Reached XP level 3. HP: 44/44 MP: 3/3
     7 | D        | Gained mutation: You are partially covered in slimy green scales (AC +2). [demonic ancestry]
     7 | D        | Reached XP level 4. HP: 51/51 MP: 4/4
     7 | D        | Gained mutation: You are mostly covered in slimy green scales (AC +3). [demonic ancestry]
     7 | D        | Reached XP level 5. HP: 57/57 MP: 5/5
     7 | D        | Reached XP level 6. HP: 64/64 MP: 6/6
     7 | D        | Gained mutation: You are partially covered in sharp spines. [demonic ancestry]
     7 | D        | Reached XP level 7. HP: 69/69 MP: 7/7
     7 | D        | Gained mutation: Your flesh is heat resistant. [demonic ancestry]
     7 | D        | Reached XP level 8. HP: 76/76 MP: 8/8
     7 | D        | Reached XP level 9. HP: 82/82 MP: 9/9
     7 | D        | Gained mutation: You are mostly covered in sharp spines. [demonic ancestry]
     7 | D        | Reached XP level 10. HP: 89/89 MP: 10/10
     7 | D        | Reached XP level 11. HP: 95/95 MP: 11/11
     7 | D        | Gained mutation: You are completely covered in slimy green scales (AC +4, rPois). [demonic ancestry]
     7 | D        | Reached XP level 12. HP: 102/102 MP: 12/12
     7 | D        | Reached XP level 13. HP: 107/107 MP: 13/13
     8 | D        | Noticed a bag of meat
     8 | D        | Killed a bag of meat
     8 | D        | Reached * piety under Makhleb
     9 | D        | Noticed a bag of meat
    10 | D        | Noticed a bag of meat
    11 | D        | Noticed a meat berserker
    11 | D        | Noticed a meat berserker
    11 | D        | Killed a bag of meat
    11 | D        | Gained mutation: You have a pair of large horns on your head. [demonic ancestry]
    11 | D        | Reached XP level 14. HP: 120/120 MP: 14/14
    12 | D        | Noticed a bag of meat
    12 | D        | Killed a bag of meat
    12 | D        | Reached ** piety under Makhleb
    13 | D        | Noticed a meat berserker
    14 | D        | Killed a meat berserker
    14 | D        | Gained mutation: You are immune to clouds of flame. [demonic ancestry]
    14 | D        | Reached XP level 15. HP: 132/132 MP: 15/15
    16 | D        | Killed a meat berserker
    16 | D        | Reached *** piety under Makhleb
    16 | D        | Reached skill level 15 in Throwing
    16 | D        | Reached XP level 16. HP: 143/143 MP: 16/16
    16 | D        | Reached skill level 27 in Axes
    16 | D        | Reached skill level 27 in Dodging
    18 | D        | Killed a meat berserker
    18 | D        | Reached **** piety under Makhleb
    18 | D        | Gained mutation: Your demonic aura causes spilled blood to erupt in flames. [demonic ancestry]
    18 | D        | Reached XP level 17. HP: 165/165 MP: 17/17
    19 | D        | Noticed a meat berserker
    21 | D        | Reached ***** piety under Makhleb
    21 | D        | Reached skill level 5 in Armour
    22 | D        | Noticed a destroyer
    22 | D        | Reached skill level 27 in Fighting
    22 | D        | Reached XP level 18. HP: 182/182 MP: 18/18
    23 | D        | Reached skill level 27 in Throwing
    24 | D        | Noticed a meat berserker
    24 | D        | Noticed a large bag of meat
    24 | D        | Killed a meat berserker
    24 | D        | Reached XP level 19. HP: 189/189 MP: 19/19
    24 | D        | Killed a large bag of meat
    25 | D        | Noticed a large bag of meat
    26 | D        | Killed a destroyer
    26 | D        | Reached ****** piety under Makhleb
    26 | D        | Reached skill level 27 in Armour
    26 | D        | Gained mutation: You are robust (+10% HP). [demonic ancestry]
    26 | D        | Reached XP level 20. HP: 112/216 MP: 19/30
    26 | D        | Reached skill level 10 in Stealth
    26 | D        | Reached skill level 15 in Invocations
    27 | D        | Reached skill level 15 in Stealth
    27 | D        | Reached skill level 15 in Unarmed Combat
    27 | D        | Reached skill level 15 in Spellcasting
    28 | D        | Gained mutation: You are very robust (+20% HP). [demonic ancestry]
    28 | D        | Reached XP level 21. HP: 216/244 MP: 19/41
    29 | D        | Noticed a destroyer
    30 | D        | Reached skill level 27 in Stealth
    31 | D        | Noticed a destroyer
    32 | D        | Reached skill level 27 in Invocations
    32 | D        | Reached XP level 22. HP: 254/254 MP: 20/46
    36 | D        | Killed a destroyer
    36 | D        | Killed a destroyer
    36 | D        | Reached skill level 27 in Unarmed Combat
    36 | D        | Reached skill level 27 in Spellcasting
    36 | D        | Reached XP level 23. HP: 262/262 MP: 21/54
    41 | D        | Reached XP level 24. HP: 272/272 MP: 22/54
    42 | D        | Noticed a destroyer
    43 | D        | Gained mutation: You are completely covered in sharp spines. [demonic ancestry]
    43 | D        | Reached XP level 25. HP: 280/280 MP: 23/54
    46 | D        | Killed a destroyer
    48 | D        | Gained mutation: You are extremely robust (+30% HP). [demonic ancestry]
    48 | D        | Reached XP level 26. HP: 280/314 MP: 24/54
    50 | D        | Noticed a destroyer
    51 | D        | Noticed a destroyer
    54 | D        | Reached XP level 27. HP: 323/323 MP: 25/54
    55 | D        | Killed a destroyer
    56 | D        | Noticed a destroyer
    56 | D        | Killed a destroyer
    63 | D        | Noticed a destroyer
    65 | D        | Killed a destroyer
    66 | D        | Noticed an accursed
    67 | D        | Noticed a meat beast
    67 | D        | Noticed a meat beast
    70 | D        | Killed a destroyer
    71 | D        | Noticed a meat beast
    71 | D        | Killed a meat beast
    74 | D        | Killed a meat beast
    74 | D        | Killed a meat beast
    75 | D        | Noticed a destroyer
    76 | D        | Killed an accursed
    78 | D        | Killed a destroyer
    82 | D        | Noticed a destroyer
    82 | D        | Noticed a destroyer
    84 | D        | Noticed a meat beast
    85 | D        | Noticed a dread
    85 | D        | Killed a destroyer
    86 | D        | Noticed an accursed
    86 | D        | Noticed a tyrant
    86 | D        | Noticed a meat beast
    86 | D        | Killed a destroyer
    87 | D        | Noticed an accursed
    89 | D        | Noticed a tyrant
    89 | D        | Killed a meat beast
    89 | D        | Killed a meat beast
    90 | D        | Noticed an accursed
    90 | D        | Noticed a meat beast
    90 | D        | Noticed a destroyer
    91 | D        | Noticed an accursed
    91 | D        | Killed a meat beast
    94 | D        | Killed a tyrant
    94 | D        | Killed a dread
    94 | D        | Killed an accursed
    94 | D        | Killed a destroyer
    95 | D        | Noticed an accursed
    97 | D        | Noticed a destroyer
    98 | D        | Noticed an accursed
    99 | D        | Noticed The Servant
   101 | D        | Killed an accursed
   102 | D        | Noticed an accursed
   102 | D        | Killed a destroyer
   103 | D        | Killed a tyrant
   103 | D        | Killed an accursed
   104 | D        | Killed an accursed
   104 | D        | Killed an accursed
   106 | D        | Killed an accursed
   108 | D        | Noticed a destroyer
   109 | D        | Noticed a meat beast
   109 | D        | Noticed a dread
   109 | D        | Killed The Servant
   109 | D        | Noticed a meat beast
   111 | D        | Noticed an accursed
   111 | D        | Killed a meat beast
   112 | D        | Noticed a destroyer
   113 | D        | Killed a meat beast
   113 | D        | Killed a destroyer
   115 | D        | Noticed a destroyer
   115 | D        | Killed from afar by a wretched soul

Vault maps used:
D:        meatsprint

Skill      XL: |  1  2  3  4  5  6  7  8  9 10 11 12 13 14 15 16 17 18 19 20 21 22 |
---------------+-------------------------------------------------------------------+-----
Fighting       | 11 14 16 17 23 27 | 27.0
Axes           | 19 21 24 26 27 | 27.0
Throwing       | 10 12 14 15 20 24 27 | 27.0
Dodging        | 18 21 24 25 27 | 27.0
Armour         | 3 6 21 27 | 27.0
Stealth        | 7 17 27 | 27.0
Unarmed Combat | 6 16 21 27 | 27.0
Spellcasting   | 6 16 20 27 | 27.0
Invocations    | 9 22 27 | 27.0

Action                   |  1- 3 |  4- 6 |  7- 9 | 10-12 | 13-15 | 16-18 | 19-21 | 22-24 | 25-27 || total
-------------------------+-------+-------+-------+-------+-------+-------+-------+-------+-------++-------
Melee: Executioner's axe |     1 |       |       |       |     5 |     6 |     5 |     8 |    60 ||    85
Armor: Leather armour    |       |       |       |       |       |       |       |       |     2 ||     2
Dodge: Dodged            |       |       |       |       |     2 |       |     1 |       |    14 ||    17
